 Dungeon Crawl Stone Soup version 0.22.1 (webtiles) character file.

147 Markonkel the Sneak (level 5, 0/25 HPs)
             Began as a Spriggan Enchanter on Sept 18, 2018.
             Slain by Grinder (1 damage)
             ... while paralysed by Grinder
             ... on level 3 of the Dungeon.
             The game lasted 00:17:56 (3621 turns).

Markonkel the Sneak (Spriggan Enchanter)            Turns: 3621, Time: 00:17:56

Health: 0/25       AC:  2    Str:  8    XL:     5   Next: 7%
Magic:  2/12       EV:  4    Int: 17    God:
Gold:   93         SH:  0    Dex: 16    Spells: 6/12 levels left

rFire    . . .     SeeInvis +   a - +1 short sword (freeze)
rCold    . . .     Gourm    .   (shield restricted)
rNeg     . . .     Faith    .   j - +0 robe
rPois    .         Spirit   .   (helmet restricted)
rElec    .         Reflect  .   (no cloak)
rCorr    .         Harm     .   (gloves unavailable)
MR       .....                  (boots unavailable)
Stlth    +++.......             (no amulet)
HPRegen  0.08/turn              k - +3 ring of strength
MPRegen  0.13/turn              r - +3 ring of evasion

@: paralysed, very slightly contaminated, very quick
A: very small, unfitting armour, see invisible, herbivore, speed 3, slow
metabolism 2
a: no special abilities


You were on level 3 of the Dungeon.
You were very hungry.

You visited 1 branch of the dungeon, and saw 3 of its levels.

You collected 93 gold pieces.

Inventory:

Hand Weapons
 a - a +1 short sword of freezing (weapon)
 b - a +0 hunting sling
 h - a +1 dagger
Missiles
 Q - 44 stones (quivered)
Armour
 j - a +0 robe (worn)
Jewellery
 k - a +3 ring of strength (left hand)
 q - a cursed ring of attention {unknown}
 r - a +3 ring of evasion (right hand)
Scrolls
 c - 2 scrolls of remove curse
 d - a scroll of teleportation {unknown}
 i - a scroll of amnesia
 m - a scroll of enchant armour {unknown}
 n - a scroll of fog {unknown}
 p - a scroll of blinking {unknown}
Potions
 f - 2 potions of haste {unknown}
 g - a potion of mutation {unknown}
 l - a potion of curing {unknown}
 o - a potion of resistance {unknown}
Comestibles
 e - 5 rations


   Skills:
 - Level 0.5 Fighting
 + Level 2.3 Short Blades
 - Level 3.0 Dodging
 * Level 6.6 Stealth
 * Level 4.1 Spellcasting
 - Level 3.9 Hexes
 - Level 0.2 Ice Magic


You had 6 spell levels left.
You knew the following spells:

 Your Spells              Type           Power        Failure   Level  Hunger
a - Ensorcelled Hibernat  Hex/Ice        ##....       10%         2    ##.....
c - Confuse               Hex            ###.....     9%          3    ###....
v - Corona                Hex            ###....      3%          1    None

Your spell library contained the following spells:

 Spells                   Type           Power        Failure   Level  Hunger
 Tukima's Dance           Hex            ###.....     9%          3    ###....
 Dazzling Spray           Conj/Hex       ##....       21%         3    ###....


Dungeon Overview and Level Annotations

Branches:
Dungeon (3/15)

Altars:
Cheibriados
Vehumet

Annotations:
D:3 Grinder


Innate Abilities, Weirdness & Mutations

You are very small and have problems with some larger weapons.
You are too small for most types of armour.
You have supernaturally acute eyesight. (SInv)
You are a herbivore.
You cover ground extremely quickly.
You need to consume almost no food.


Message History

You hit Grinder. Grinder hits you.
* * * LOW HITPOINT WARNING * * *
You take 2 damage, and have 14/25 hp.
You hit Grinder but do no damage. Grinder misses you.
You closely miss Grinder. Grinder gestures at you. You resist with some effort.
You barely miss Grinder. Grinder gestures at you.
You suddenly lose the ability to move!
Grinder hits you.
* * * LOW HITPOINT WARNING * * *
You writhe in agony.
* * * LOW HITPOINT WARNING * * *
Grinder hits you.
* * * LOW HITPOINT WARNING * * *
You writhe in agony.
* * * LOW HITPOINT WARNING * * *
Grinder hits you.
You die...

#.#.....##.# #.# #.##.#..##.#
#.# #.##.#..##.# #..
#..........# ###
.........##.# ######.#.##.#
###...#.##.# ......#.##.# #K.
.###.(.#@##.####### #..#.#
##....5........# #..#.#
##.#.##.#.###.# #..#S#
#.#.##.#.#
#..#.#####.#.##.#.# #.#
#.................# #.#
#.###..#)#.######.#.### #.#
.>......g#.######.#.# #o#
..##..<#lg<.........#####.###
###


You could see Grinder.

Vault maps used:
D:1:      dpeg_arrival_rooms_with_view
D:2:      vehumet_crystals, first_ration
D:3:      overflow_temple_1_default, minmay_overflow_temple_hex,
          lemuel_coloured_pillars_altar, uniq_grinder

Notes
Turn   | Place    | Note
-------+----------+-------------------------------------------
     0 | D:1      | Markonkel the Spriggan Enchanter began the quest for the
                  | Orb.
     0 | D:1      | Reached XP level 1. HP: 9/9 MP: 5/5
   267 | D:1      | Reached XP level 2. HP: 13/13 MP: 6/6
   658 | D:1      | Reached skill level 5 in Stealth
   774 | D:1      | Learned a level 2 spell: Ensorcelled Hibernation
   980 | D:1      | Reached skill level 3 in Spellcasting
   981 | D:1      | HP: 3/14 [hobgoblin/club (7)]
  1221 | D:1      | Reached XP level 3. HP: 15/17 MP: 3/8
  1639 | D:2      | Identified a +1 short sword of freezing (You took it off a
                  | kobold on level 2 of the Dungeon)
  1753 | D:2      | Learned a level 3 spell: Confuse
  1894 | D:2      | Identified a +0 hunting sling (You found it on level 2 of
                  | the Dungeon)
  1895 | D:2      | Identified a +1 dagger
  2030 | D:2      | Found a radiant altar of Vehumet.
  2238 | D:2      | Reached XP level 4. HP: 20/21 MP: 10/10
  2314 | D:2      | Reached skill level 2 in Short Blades
  2318 | D:2      | Reached skill level 6 in Stealth
  2481 | D:2      | Identified 3 scrolls of remove curse
  2482 | D:2      | Identified 2 scrolls of amnesia
  2483 | D:2      | Identified a ring of strength (You found it on level 2 of
                  | the Dungeon)
  2484 | D:2      | Identified a ring of evasion (You found it on level 2 of
                  | the Dungeon)
  2620 | D:3      | Noticed Grinder
  2754 | D:2      | HP: 3/21 [gnoll/flail of protection (15)]
  3062 | D:3      | Paralysed by Grinder for 7 turns
  3141 | D:3      | Reached skill level 4 in Spellcasting
  3391 | D:3      | Reached XP level 5. HP: 19/25 MP: 1/12
  3558 | D:3      | Found a snail-covered altar of Cheibriados.
  3594 | D:3      | Paralysed by Grinder for 6 turns
  3618 | D:3      | Paralysed by Grinder for 6 turns
  3620 | D:3      | HP: 1/25 [Grinder (6)]
  3621 | D:3      | Slain by Grinder

Table legend:
 A = Turns spent in this place as a percentage of turns spent in the entire game.
 B = Non-inter-level travel turns spent in this place as a percentage of non-inter-level travel turns spent in the entire game.
 C = Inter-level travel turns spent in this place as a percentage of turns spent in this place.
 D = Turns resting spent in this place as a percentage of non-inter-level travel turns spent in this place.
 E = Turns spent auto-exploring this place as a percentage of non-inter-level travel turns spent in this place.
 F = Non-inter-level travel turns spent in this place divided by the number of levels of this place that you've seen.
                   A       B       C       D       E      F
               +-------+-------+-------+-------+-------+----------------------
         Total | 100.0 | 100.0 |   2.5 |  20.8 |  50.6 | 1177.0
       Dungeon | 100.0 | 100.0 |   2.5 |  20.8 |  50.6 | 1177.0
               +-------+-------+-------+-------+-------+----------------------

Table legend:
 A = Kills in this place as a percentage of kills in entire the game.
 B = Kills by you in this place as a percentage of kills by you in the entire game.
 C = Kills by friends in this place as a percentage of kills by friends in the entire game.
 D = Other kills in this place as a percentage of other kills in the entire game.
 E = Experience gained in this place as a percentage of experience gained in the entire game.
 F = Experience gained in this place divided by the number of levels of this place that you have seen.
                   A       B       C       D       E      F
               +-------+-------+-------+-------+-------+----------------------
         Total | 100.0 | 100.0 |   N/A |   N/A | 100.0 |  70.0
       Dungeon | 100.0 | 100.0 |   N/A |   N/A | 100.0 |  70.0
               +-------+-------+-------+-------+-------+----------------------

Skill      XL: |  1  2  3  4 |
---------------+-------------+-----
Stealth        | 5 6 |  6.6
Spellcasting   | 3 4 |  4.1
Short Blades   | 2 |  2.3
Fighting       | |  0.5
Dodging        | |  3.0
Hexes          | |  3.9
Ice Magic      | |  0.2

Action                   |  1- 3 |  4- 6 || total
-------------------------+-------+-------++-------
Melee: Dagger            |   108 |       ||   108
       Short sword       |    27 |    43 ||    70
Throw: Stone             |     9 |       ||     9
 Cast: Corona            |     1 |       ||     1
       Ensorcelled Hiber |    16 |    38 ||    54
       Confuse           |     1 |     2 ||     3
  Use: Scroll            |       |     2 ||     2
 Stab: Sleeping          |    17 |    18 ||    35
       Distracted        |     1 |       ||     1
  Eat: Ration            |       |     1 ||     1
Armor: Robe              |    17 |     2 ||    19
Dodge: Dodged            |   105 |    37 ||   142

Vanquished Creatures
  3 gnolls
  5 adders
  An ooze (D:2)
  A dart slug (D:1)
  2 leopard geckos
  A ball python (D:1)
  4 giant cockroaches
  7 goblins
  9 hobgoblins
  4 jackals (D:3)
  4 kobolds
  A quokka (D:2)
  7 bats
  8 frilled lizards
  8 rats
65 creatures vanquished.
